 Dungeon Crawl Stone Soup version 0.23-a0-550-g7de1f8e (webtiles) character file.

967 George the Ruffian (level 7, -2/71 HPs)
             Began as a Troll Berserker on Dec 9, 2018.
             Was a Priest of Trog.
             Slain by an ice beast (4 damage)
             ... on level 4 of the Dungeon.
             The game lasted 00:07:40 (3234 turns).

George the Ruffian (Troll Berserker)                Turns: 3234, Time: 00:07:41

Health: -2/71      AC:  5    Str: 28    XL:     7   Next: 93%
Magic:  6/6        EV: 15    Int:  3    God:    Trog [***...]
Gold:   264        SH:  0    Dex:  9    Spells: 6/6 levels left

rFire    + . .     SeeInvis .     - Unarmed
rCold    . . .     Gourm    +   (no shield)
rNeg     . . .     Faith    .   a - +0 animal skin
rPois    .         Spirit   .   (helmet restricted)
rElec    .         Reflect  .   (no cloak)
rCorr    .         Harm     .   (gloves unavailable)
MR       ++...                  (boots unavailable)
Stlth    +.........             m - amulet of regeneration
HPRegen  2.01/turn              k - +4 ring of evasion
MPRegen  0.10/turn              p - ring of protection from fire

@: lethally poisoned (-2 -> -2), regenerating
A: large, unfitting armour, claws 3, fast metabolism 3, gourmand, regeneration
1, shaggy fur 1, tough skin 2
a: Berserk, Trog's Hand, Renounce Religion


You were on level 4 of the Dungeon.
You worshipped Trog.
Trog was most pleased with you.
You were very full.

You visited 1 branch of the dungeon, and saw 5 of its levels.

You collected 264 gold pieces.

Inventory:

Hand Weapons
 o - a +0 giant spiked club
 s - a +1 whip of electrocution
Armour
 a - a +0 animal skin (worn)
Jewellery
 k - a +4 ring of evasion (left claw)
 m - an amulet of regeneration (around neck)
 p - a ring of protection from fire (right claw)
Wands
 l - a wand of clouds (2)
 y - a wand of random effects (13)
Scrolls
 c - 2 scrolls of amnesia {unknown}
 d - a scroll of enchant armour {unknown}
 g - 2 scrolls of immolation {unknown}
 h - 6 scrolls of remove curse
 i - a scroll of blinking {unknown}
 j - a scroll of fog {unknown}
 v - a scroll of noise {unknown}
 w - 3 scrolls of teleportation {unknown}
 x - a scroll of enchant weapon {unknown}
Potions
 e - 2 potions of haste
 n - a potion of flight
 q - 3 potions of heal wounds
 r - a potion of resistance
 t - a potion of agility
 z - 2 potions of curing {unknown}
Comestibles
 b - 11 rations


   Skills:
 + Level 4.6 Fighting
 + Level 3.0 Maces & Flails
 + Level 4.7 Dodging
 + Level 5.7 Unarmed Combat


You had 6 spell levels left.
You didn't know any spells.
Your spell library was empty.

Dungeon Overview and Level Annotations

Branches:
Dungeon (5/15)
 Temple: D:4-7

Altars:
Cheibriados
Elyvilon
Fedhas
Nemelex Xobeh
Qazlal
Sif Muna
Vehumet
Xom


Innate Abilities, Weirdness & Mutations

You are too large for most types of armour.
You have claws for hands.
Your metabolism is lightning-fast.
You like to eat raw meat.
Your natural rate of healing is unusually fast.
You are covered in fur. (AC +1)
You have very tough skin. (AC +2)


Message History

The orc throws a poisoned tomahawk.
The poisoned tomahawk hits you.
* * * LOW HITPOINT WARNING * * *
You are more poisoned.
There is a stone staircase leading up, spattered with blood here.
Things that are here:
a poisoned tomahawk; 2 arrows You feel sick.
The centaur shoots an arrow.
The arrow hits you.
* * * LOW HITPOINT WARNING * * *
The orc throws a poisoned tomahawk.
The poisoned tomahawk completely misses you.
The ice beast barely misses you.
You climb upwards.
* * * LOW HITPOINT WARNING * * *
You feel sick.
There is a stone staircase leading down here.
Okay, then.
Your skin crawls.
You feel resistant to hostile enchantments.
You feel somewhat less full.
You feel sick. The ice beast hits you.
You die...

#......#..........#.#.....#
.............###....'≈≈≈≈≈#
..............##....#.....#
....#..#......#.....#######
.<..#####......[)#.###
...†#####.......[#!..###
..#..#....#...<..#.....#
.##.......##.........###
.#.............Y@...##
..................###
.........##.......##
.#.................##
..........##........#
#.#.......#.........#
..#..##......#......#
..........#..##.#..###
.##...#...#.....#(...##


You could see an ice beast.

Vanquished Creatures
  The ghost of AnnaPhlaxia the Sneak, a novice DsAs (D:4)
  An ogre (D:2)
  A scorpion (D:4)
  2 centaur skeletons (D:4)
  2 orc priests (D:4)
  2 hounds (D:4)
  2 orc wizards
  Ijyb (D:5)
  An iguana (D:4)
  2 worker ants (D:4)
  A hound skeleton (D:4)
  A howler monkey skeleton (D:4)
  6 adders
  3 gnolls (D:3)
  An ooze (D:1)
  A worm (D:2)
  A dart slug (D:2)
  5 leopard geckos
  9 orcs
  6 bats
  6 giant cockroaches
  10 goblins
  3 hobgoblins
  13 jackals
  11 kobolds
  2 quokkas (D:4)
  2 ball pythons
  A ball python skeleton (D:2)
  3 frilled lizards
  10 rats
110 creatures vanquished.

Vanquished Creatures (others)
  A giant cockroach (D:4)
1 creature vanquished.

Grand Total: 111 creatures vanquished

Notes
Turn   | Place    | Note
-------+----------+-------------------------------------------
     0 | D:1      | George the Troll Berserker began the quest for the Orb.
     0 | D:1      | Reached XP level 1. HP: 22/22 MP: 0/0
   133 | D:1      | Reached XP level 2. HP: 29/29 MP: 1/1
   741 | D:1      | Reached XP level 3. HP: 36/36 MP: 2/2
  1101 | D:2      | Reached ** piety under Trog
  1452 | D:2      | Reached XP level 4. HP: 45/45 MP: 3/3
  1473 | D:2      | Noticed an ogre
  1509 | D:2      | Killed an ogre
  1509 | D:2      | Reached skill level 4 in Unarmed Combat
  1509 | D:2      | Reached XP level 5. HP: 53/53 MP: 4/4
  1963 | D:3      | Reached *** piety under Trog
  2255 | D:3      | Reached XP level 6. HP: 61/62 MP: 5/5
  2568 | D:4      | Found a runed door.
  2571 | D:4      | Reached skill level 1 in Maces & Flails
  2676 | D:4      | Found a blossoming altar of Fedhas.
  2676 | D:4      | Found a stormy altar of Qazlal.
  2757 | D:4      | Reached skill level 5 in Unarmed Combat
  2757 | D:4      | Reached XP level 7. HP: 60/70 MP: 6/6
  2810 | D:4      | Found a shimmering altar of Xom.
  2811 | D:4      | Found a radiant altar of Vehumet.
  2811 | D:4      | Found a white marble altar of Elyvilon.
  2812 | D:4      | Found a sparkling altar of Nemelex Xobeh.
  2814 | D:4      | Found a deep blue altar of Sif Muna.
  2815 | D:4      | Found a snail-covered altar of Cheibriados.
  3174 | D:4      | Noticed AnnaPhlaxia's ghost (novice DsAs)
  3196 | D:4      | Killed AnnaPhlaxia's ghost
  3217 | D:5      | Entered Level 5 of the Dungeon
  3217 | D:5      | Noticed Ijyb
  3222 | D:5      | Killed Ijyb
  3232 | D:5      | HP: 1/71 [centaur/arrow (4)]
  3234 | D:4      | Slain by an ice beast

Vault maps used:
D:1:      dpeg_arrival_pond, amethyst_killhole
D:2:      serial_forest, infiniplex_forest_clump_small,
          infiniplex_forest_lined_1, infiniplex_forest_straight_4,
          infiniplex_forest_clump_small, infiniplex_forest_lined_room_2,
          infiniplex_forest_zigzag_1, infiniplex_forest_clump_long,
          infiniplex_forest_straight_1, minmay_divided_ellipse
D:3:      minmay_circle_x
D:4:      grunt_temple_overflow_forces_of_nature, minitemple,
          ebering_ghost_reflecting_pool, first_ration,
          minmay_fractal_squares_gapless_5
D:5:      cheibrodos_fertilizer, lemuel_zombie_altar_yredelemnul,
          kennysheep_mini_moat, lemuel_doored_altar, marbit_many_paths,
          minmay_temple_entry_purple_smoke, minmay_misc_feat_chi,
          hangedman_decor_riveting, uniq_ijyb

Skill      XL: |  1  2  3  4  5  6  7 |
---------------+----------------------+-----
Dodging        | 3 4 |  4.7
Fighting       | 3 4 |  4.6
Unarmed Combat | 4 5 |  5.7
Maces & Flails | 2 3 |  3.0

Action                   |  1- 3 |  4- 6 |  7- 9 || total
-------------------------+-------+-------+-------++-------
Melee: Unarmed           |   139 |   163 |    43 ||   345
       Punch             |     2 |     3 |     2 ||     7
Invok: Berserk           |       |       |     1 ||     1
       Trog's Hand       |       |       |     1 ||     1
  Use: Scroll            |       |       |     7 ||     7
 Stab: Sleeping          |     1 |       |       ||     1
  Eat: Chunk             |    19 |    12 |     3 ||    34
Armor: Animal skin       |    54 |    32 |     9 ||    95
Dodge: Dodged            |    88 |   106 |    36 ||   230

Table legend:
 A = Non-vault XP
 B = Vault XP
 C = Vault XP percentage of total XP
 D = Non-vault monster count
 E = Vault monster count
 F = Vault count percentage of total count
                 A         B        C        D         E       F
            +---------+---------+-------+---------+---------+-------
      Total |     727 |     655 |  47.4 |      86 |      24 |  21.8
            +---------+---------+-------+---------+---------+-------
        D:1 |      42 |       0 |   0.0 |      21 |       0 |   0.0
        D:2 |      64 |     157 |  71.0 |      26 |      13 |  33.3
        D:3 |      77 |      47 |  37.9 |      15 |       7 |  31.8
        D:4 |     544 |     415 |  43.3 |      24 |       3 |  11.1
        D:5 |       0 |      36 | 100.0 |       0 |       1 | 100.0
            +---------+---------+-------+---------+---------+-------
